Map: Kairos Junction LE

Players

Trizztein

  • Race: Terran Terran
  • League: Diamond
  • Spawn Location: 11:00

Lazu - Winner!

  • Race: Protoss Protoss
  • League: Master
  • Spawn Location: 5:00

VOD

Have the link to the VOD?

Description

Time

  • Played on: July 8, 2019, 10:31 a.m.
  • Length: 18:16
Show
View Real Time Build Order
Export as new Build Order

Trizztein Terran 

Build Orders:  

Get SALT Encoding   

  12  0:00  SCV  
  13  0:13  SCV  
  14  0:17  Supply Depot  
  14  0:25  SCV  
  15  0:31  Refinery  
  15  0:39  SCV  
  16  0:45  Barracks  
  16  0:51  SCV  
  17  1:03  SCV  
  18  1:15  SCV  
  20  1:35  Orbital Command, Reaper  
  20  1:51  Command Center  
  20  2:03  Bunker  
  20  2:05  SCV  
  20  2:07  Marine  
  22  2:16  Factory  
  22  2:25  Supply Depot  
  22  2:28  SCV  
  22  2:29  Barracks Reactor  
  23  2:47  SCV  
  23  2:49  Refinery  
  24  2:59  SCV  
  25  3:06  Orbital Command  
  25  3:11  SCV  
  26  3:23  SCV  
  26  3:24  Barracks Tech Lab  
  26  3:25  Starport  
  31  3:27  Hellion x2  
  31  3:34  SCV  
  31  3:35  SCV  
  32  3:49  SCV  
  32  3:52  Hellion x2  
  36  3:55  SCV  
  36  3:59  Marauder  
  39  4:03  SCV  
  39  4:06  Medivac  
  39  4:09  SCV  
  43  4:13  Supply Depot  
  43  4:15  SCV  
  43  4:16  Engineering Bay, Refinery  
  42  4:19  Widow Mine x2  
  46  4:35  SCV x2  
  46  4:37  Supply Depot  
  48  4:47  SCV x2  
  48  4:54  Banshee, Cloaking Field  
  48  4:58  Barracks Tech Lab  
  48  4:59  SCV x2  
  51  5:03  Factory Tech Lab  
  51  5:11  SCV x2  
  51  5:13  Barracks  
  53  5:15  Barracks  
  53  5:17  Stimpack  
  53  5:18  Supply Depot  
  50  5:23  SCV x2  
  52  5:31  Siege Tank  
  52  5:34  Supply Depot  
  52  5:35  Supply Depot, SCV x2  
  57  5:40  Marine  
  58  5:54  SCV  
  58  5:55  SCV  
  60  5:57  Supply Depot  
  60  5:58  Marauder  
  60  6:01  Marine x2  
  60  6:03  Barracks Tech Lab  
  64  6:04  Banshee  
  64  6:08  Siege Tank, Command Center  
  64  6:09  SCV  
  71  6:14  Barracks  
  71  6:15  SCV, Barracks  
  72  6:21  SCV  
  72  6:27  SCV  
  73  6:33  SCV  
  73  6:39  SCV, Marine x2, Marauder x2  
  81  6:45  SCV  
  82  6:51  SCV  
  80  6:56  Marine x2  
  80  6:57  SCV, Siege Tank  
  80  7:00  Marauder x2  
  80  7:01  Supply Depot  
  90  7:02  Supply Depot, Barracks Tech Lab  
  90  7:03  SCV, Barracks Reactor  
  91  7:10  SCV  
  91  7:14  Marine x2  
  94  7:19  SCV  
  94  7:22  SCV  
  96  7:31  Marine x2  
  96  7:32  SCV, Marine x2, Marauder  
  96  7:34  SCV  
  96  7:36  Supply Depot  
  104  7:39  Marine x2  
  104  7:42  Siege Tank  
  104  7:44  SCV  
  109  7:45  Combat Shield  
  109  7:46  SCV  
  109  7:49  Marine  
  109  7:50  Marine, Marauder  
  114  7:56  SCV  
  114  7:58  Orbital Command, SCV  
  112  7:59  Marine x2, Marauder  
  112  8:01  Supply Depot  
  112  8:02  Supply Depot, Terran Infantry Weapons Level 1  
  116  8:08  SCV  
  117  8:18  SCV  
  116  8:20  SCV, Starport Reactor  
  116  8:21  Supply Depot  
  117  8:30  SCV  
  117  8:32  SCV  
  117  8:33  Supply Depot  
  117  8:34  Marine x4, Marauder x2  
  123  8:35  Siege Tank  
  123  8:37  Marine  
  131  8:42  SCV  
  131  8:44  SCV  
  133  8:52  Marine x2  
  133  8:54  SCV  
  136  8:59  Marine x2, Marauder  
  141  9:07  Marauder x2  
  141  9:09  Supply Depot, Marine x2  
  143  9:10  Supply Depot  
  143  9:13  Supply Depot  
  143  9:14  Medivac x2  
  149  9:22  Marine x2  
  149  9:23  Marine  
  149  9:30  Marine x3  
  149  9:31  Marauder  
  144  9:40  Marine x2  
  144  9:41  Marine  
  143  9:48  Marine x3  
  143  9:52  Marauder  
  148  9:57  Orbital Command  
  148  9:58  SCV, Marine, Marauder  
  148  9:59  Marine  
  153  10:01  SCV  
  153  10:06  Marine x2, Marauder  
  152  10:10  SCV  
  152  10:11  Medivac  
  152  10:12  Medivac  
  152  10:13  Refinery, Sensor Tower  
  154  10:16  SCV, Refinery  
  154  10:18  Starport  
  154  10:19  Starport  
  155  10:23  Marine x2  
  155  10:24  Bunker  
  155  10:26  Supply Depot  
  157  10:32  SCV  
  158  10:35  Marine x2  
  158  10:36  Marine x2, Marauder  
  164  10:44  SCV, Marine  
  164  10:45  Marine  
  164  10:48  Viking x2  
  171  10:51  Siege Tank  
  171  10:53  Marine  
  171  10:54  Marauder x2  
  179  11:09  Viking  
  181  11:11  Viking  
  181  11:14  Supply Depot  
  181  11:15  Supply Depot  
  180  11:21  Viking  
  181  11:36  Viking  
  163  11:47  Marine  
  163  11:48  Marauder  
  163  11:51  Marine x3, Marauder  
  163  11:52  Marauder, Bunker, Siege Tank  
  163  11:53  Medivac, Viking x2  
  173  12:05  Marine  
  173  12:06  Viking  
  176  12:09  Marine x2  
  156  12:19  Marine x3, Marauder  
  159  12:22  Viking  
  159  12:23  Viking x2, Marine  
  159  12:27  Marine x2  
  168  12:36  Viking  
  170  12:37  Marine x3  
  170  12:40  Marine  
  170  12:41  Marine  
  152  12:45  Marine, Marauder  
  144  12:52  Viking  
  144  12:55  Marine x2, Marauder  
  144  12:57  Siege Tank  
  144  12:58  SCV, Marine  
  149  12:59  SCV, Marine  
  149  13:02  Marine  
  152  13:06  Marauder  
  154  13:12  Marine  
  154  13:13  Marine  
  154  13:15  Ghost Academy  
  154  13:16  Engineering Bay, Marine x2  
  154  13:17  Marine  
  154  13:19  Armory  
  159  13:20  Marine  
  158  13:27  Marine  
  158  13:30  Marine x2  
  158  13:32  SCV  
  158  13:34  Marine x3  
  165  13:43  Medivac x3, Command Center  
  165  13:44  Marine  
  165  13:45  Starport Tech Lab  
  165  13:46  Marauder  
  165  13:48  Marine  
  174  13:53  Refinery  
  174  13:55  Terran Infantry Armor Level 1  
  175  14:13  Viking  
  174  14:26  Marine x4, Marauder  
  164  14:32  Viking x3  
  147  14:39  Marine, Marauder  
  147  14:44  Marine x4  
  148  14:47  Marine, Siege Tank  
  138  14:57  Marauder  
  140  15:00  Marine  
  140  15:01  Marine x2  
  140  15:03  Terran Infantry Weapons Level 2  
  140  15:05  Marauder  
  145  15:08  Viking  
  145  15:12  Marine x2  
  149  15:18  Ghost x2  
  149  15:19  Marine x2, Refinery x2  
  155  15:27  Marauder  
  157  15:29  Bunker  
  157  15:30  Marine x2  
  157  15:31  Siege Tank  
  160  15:37  Marine x2  
  158  15:47  Marauder x2  
  158  15:48  Marine x2, Marauder  
  163  15:55  Marine x2  
  165  16:00  Viking x3  
  171  16:05  Marine  
  171  16:06  Marine  
  171  16:07  Orbital Command  
  171  16:08  SCV, Marauder  
  171  16:09  Marauder x2  
  180  16:13  Marine x2  
  182  16:23  Marine x2  
  184  16:26  Siege Tank  
  184  16:30  Marine x3, Marauder x2  
  163  16:41  Marine x2  
  131  16:48  Marine x2, Ghost  
  131  16:50  Ghost  
  131  16:53  Marauder  
  131  16:59  Marine x2, Siege Tank  
  134  17:06  Marine x2  
  136  17:14  Marauder  
  137  17:17  Marine x2, Marauder  
  137  17:18  Concussive Shells  
  137  17:20  Marauder  
  143  17:24  Marine, Fusion Core  
  143  17:25  SCV  
  145  17:31  Siege Tank  
  145  17:32  Marine  
  145  17:34  Command Center  
  145  17:35  Marine  
  145  17:36  Marine, Marauder  
  153  17:38  Marine  
Show
View Real Time Build Order
Export as new Build Order

Lazu Protoss - Winner!

Build Orders: Colossus Rush 

Get SALT Encoding   

  12  0:01  Probe  
  13  0:13  Probe  
  14  0:23  Pylon  
  14  0:25  Probe  
  15  0:38  Probe  
  15  0:42  Gateway  
  16  0:46  Probe  
  16  0:50  Assimilator  
  16  0:55  Probe  
  18  1:07  Probe  
  19  1:19  Probe  
  20  1:31  Probe  
  20  1:32  Cybernetics Core  
  21  1:43  Probe  
  21  1:45  Pylon  
  22  1:53  Nexus  
  22  1:59  Adept  
  22  2:01  Assimilator  
  22  2:02  Probe  
  23  2:12  Warp Gate  
  23  2:14  Probe  
  26  2:19  Stalker  
  27  2:50  Robotics Facility  
  27  3:18  Probe  
  27  3:20  Probe  
  27  3:24  Pylon  
  27  3:26  Probe  
  29  3:28  Probe, Gateway  
  31  3:36  Probe  
  32  3:48  Probe  
  32  3:54  Probe  
  32  3:56  Shield Battery  
  32  3:57  Observer  
  32  4:00  Probe  
  34  4:16  Robotics Bay, Stalker  
  34  4:18  Warp Prism  
  34  4:20  Shield Battery  
  36  4:25  Pylon  
  36  4:29  Assimilator  
  36  4:34  Stalker  
  37  5:00  Disruptor  
  37  5:06  Stalker x2  
  44  5:23  Probe x2, Colossus  
  44  5:24  Assimilator  
  44  5:27  Extended Thermal Lance  
  46  5:28  Forge x2  
  46  5:35  Probe x2  
  48  5:37  Gateway  
  48  5:42  Gateway  
  54  5:43  Pylon  
  54  5:47  Probe  
  55  6:00  Stalker x2  
  59  6:07  Protoss Ground Weapons Level 1  
  59  6:17  Probe, Observer  
  61  6:38  Stalker x2  
  61  6:39  Observer, Stalker  
  68  6:53  Colossus  
  58  6:57  Probe  
  58  6:58  Probe  
  60  7:05  Probe  
  60  7:07  Stalker  
  68  7:10  Probe  
  70  7:23  Nexus  
  70  7:25  Pylon  
  70  7:43  Probe  
  71  7:45  Probe  
  71  7:47  Gateway  
  71  7:50  Twilight Council  
  72  7:55  Probe  
  72  7:57  Probe  
  74  8:07  Probe  
  74  8:09  Probe  
  74  8:11  Zealot, Protoss Ground Armor Level 1  
  74  8:12  Protoss Shields Level 1  
  76  8:20  Pylon  
  76  8:21  Pylon  
  76  8:23  Pylon  
  76  8:25  Charge  
  73  8:37  Probe x3  
  74  8:49  Probe x2  
  74  8:52  Gateway  
  72  9:01  Probe x3  
  69  9:05  Stargate  
  69  9:13  Probe x3  
  69  9:14  Zealot x2  
  74  9:25  Probe x3  
  77  9:37  Probe x2  
  75  9:45  Zealot  
  75  9:46  Zealot, Phoenix  
  75  9:47  Zealot x3  
  75  9:48  Zealot  
  84  10:12  Probe x2  
  84  10:13  Probe  
  87  10:21  Zealot x2  
  87  10:22  Zealot x4  
  87  10:24  Probe  
  87  10:25  Probe x2  
  102  10:31  Protoss Ground Weapons Level 2  
  102  10:46  Protoss Ground Armor Level 2, Stalker x2  
  106  10:58  Blink, Observer  
  107  11:17  Assimilator  
  107  11:19  Assimilator  
  107  11:23  Gateway  
  107  11:24  Gateway  
  107  11:25  Zealot x5  
  109  11:26  Zealot  
  109  11:29  Pylon  
  92  11:47  Zealot  
  92  11:48  Zealot x4  
  92  11:49  Zealot  
  92  12:09  Colossus  
  92  12:10  Zealot x3  
  92  12:11  Zealot x3  
  90  12:25  Probe x3  
  93  12:31  Zealot x4  
  93  12:32  Zealot x2  
  89  12:49  Colossus  
  81  12:58  Protoss Ground Weapons Level 3  
  81  12:59  Protoss Ground Armor Level 3  
  81  13:01  Zealot  
  81  13:02  Zealot x5  
  81  13:03  Probe  
  100  13:28  Colossus  
  100  13:40  Templar Archives  
  100  13:47  Nexus  
  100  13:48  Sentry x2  
  108  13:49  Zealot x4  
  108  13:50  Pylon  
  108  13:51  Pylon  
  108  13:53  Gateway  
  118  14:11  Probe x2, Assimilator  
  118  14:13  Gateway  
  118  14:14  Zealot  
  118  14:15  Gateway  
  100  14:38  Psionic Storm  
  74  14:51  Immortal  
  64  14:58  High Templar x2  
  64  14:59  High Templar x2  
  70  15:00  Zealot x3  
  70  15:05  Probe x3  
  70  15:06  Probe  
  84  15:11  High Templar  
  84  15:12  High Templar  
  88  15:17  Probe  
  89  15:23  Phoenix, Immortal  
  89  15:27  Probe x2  
  97  15:41  Archon  
  91  15:43  Archon x2  
  91  15:45  High Templar x3  
  91  15:46  Zealot x5, Protoss Shields Level 2  
  91  15:47  Zealot  
  99  16:08  Assimilator  
  99  16:10  Zealot, High Templar  
  99  16:11  Zealot x3, Pylon  
  107  16:14  High Templar  
  111  16:27  Zealot  
  111  16:28  Stalker  
  111  16:32  Zealot x2  
  99  16:42  Archon x2, Colossus  
  99  16:45  Zealot x3  
  89  16:57  High Templar  
  89  16:58  Zealot x3, High Templar  
  89  16:59  Zealot  
  103  17:22  Nexus  
  103  17:24  Pylon  
  103  17:31  Gateway  
  103  17:32  Stalker x3  
  103  17:33  Stalker  
  103  17:34  High Templar  
  103  17:35  High Templar  
  103  17:36  Sentry  
Tags
 
Add a new tag
Caveats
  • Supply blocks, unpowered buildings, or Contaminate may cause inaccurate times.
  • Supply counts are checked every 10 seconds.